 Dungeon Crawl Stone Soup version 0.29-a0-542-g075992c915 (webtiles) character file.

Game seed: 10853064759576627955

298 KyoPewz the Digger (level 6, 0/52 HPs)
             Began as a Meteoran Earth Elementalist on June 4, 2022.
             Killed from afar by an orc wizard (6 damage)
             ... with a magic dart
             ... on level 4 of the Dungeon.
             The game lasted 00:24:07 (1841 turns).

KyoPewz the Digger (Meteoran Earth Elementalist)    Turns: 1841, Time: 00:24:09

Health: 0/52       AC:  7    Str: 11    XL:     6   Next: 95%
Magic:  4/11       EV: 13    Int: 18    God:
Gold:   195        SH:  0    Dex: 20    Spells: 5/11 levels left

rFire   . . .      SeeInvis .   r - +1 morningstar
rCold   . . .      Faith    .   (no shield)
rNeg    . . .      Spirit   .   b - +0 robe
rPois   .          Reflect  .   C - +2 helmet
rElec   .          Harm     .   (no cloak)
rCorr   .          Rampage  .   (no gloves)
Will    .....                   x - +1 pair of boots
Stlth   +.........              z - amulet of the acrobat
HPRegen 0.17/turn               g - +6 ring of dexterity
MPRegen 0.12/turn               (no ring)

@: lethally poisoned (0 -> -22), glowing
A: sense surroundings 1, otherworldly, glowing, explore regen
a: no special abilities


You were on level 4 of the Dungeon.
You visited 1 branch of the dungeon, and saw 4 of its levels.

You collected 195 gold pieces.

Inventory:

Hand Weapons
 f - a +0 dagger
 n - a +0 spear
 p - a +0 hunting sling
 r - a +1 morningstar (weapon)
Missiles
 a - 66 stones
 d - 3 poisoned darts
 v - a throwing net
Armour
 b - a +0 robe (worn)
 m - a +0 ring mail
 x - a +1 pair of boots (worn)
 C - a +2 helmet (worn)
 D - a +2 leather armour of positive energy
Jewellery
 g - a +6 ring of dexterity (left hand)
 z - an amulet of the acrobat (around neck)
Scrolls
 j - a scroll of immolation {unknown}
 o - a scroll of poison
 t - a scroll of enchant weapon
 u - a scroll of fog {unknown}
Potions
 c - a potion of flight
 e - 2 potions of curing
 h - a potion of invisibility
 i - a potion of mutation
 l - a potion of haste {unknown}
 s - a potion of ambrosia
 B - a potion of lignification


   Skills:
 + Level 3.7 Fighting
 - Level 2.4 Dodging
 - Level 1.4 Stealth
 - Level 3.0 Spellcasting
 + Level 3.6 Conjurations
 - Level 1.2 Transmutations
 + Level 5.7 Earth Magic


You had 5 spell levels left.
You knew the following spells:

 Your Spells              Type           Power      Damage    Failure   Level
a - Sandblast             Erth           46%        2d11      1%          1
b - Passwall              Tmut/Erth      12%        N/A       6%          2
c - Stone Arrow           Conj/Erth      38%        3d9       8%          3

Your spell library contained the following spells:

 Spells                   Type           Power      Damage    Failure   Level
 Beastly Appendage        Tmut           14%        N/A       10%         1
 Freeze                   Ice            8%         1d3       16%         1
 Wereblood                Tmut           7%         N/A       16%         2
 Spider Form              Tmut/Pois      4%         N/A       36%         3
 Petrify                  Tmut/Erth      15%        N/A       36%         4
 Frozen Ramparts          Ice            4%         1d2       43%         3
 Hailstorm                Conj/Ice       9%         3d4       61%         4


Dungeon Overview and Level Annotations

Branches:
Dungeon (4/15)
 Temple: D:4-7

Altars:
Makhleb


Innate Abilities, Weirdness & Mutations

You passively map a small area around you.
You are easily found by Zot.
You glow in the dark.
You regain HP and MP as you explore.


Message History

Casting: Stone Arrow (dangerous; 8% risk of failure)
Confirm with . or Enter, or press ? or * to list all spells.
Aiming: Stone Arrow (dangerous; 8% risk of failure)
Press: ? - help, Shift-Dir - straight line The stone arrow hits the orc!
You kill the orc!
You feel very sick. Something hits you but does no damage.
You are more poisoned.
You miss something.
You feel very sick. Something hits you but does no damage.
You are more poisoned.
Something hits you but does no damage.
You are more poisoned.
You barely miss something.
You feel extremely sick.
You hear some strange, mumbled words.
A magic dart appears from out of thin air!
The magic dart hits you.
You hit something but do no damage.
* * * LOW HITPOINT WARNING * * *
You feel very sick. Something hits you but does no damage.
You are lethally poisoned!
Something hits you but does no damage.
You are more poisoned.
Casting: Stone Arrow (dangerous; 8% risk of failure)
Confirm with . or Enter, or press ? or * to list all spells.
You can't see any susceptible monsters within range! (Use Z to cast anyway.)
Casting: Stone Arrow (dangerous; 8% risk of failure)
Confirm with . or Enter, or press ? or * to list all spells.
Aiming: Stone Arrow (dangerous; 8% risk of failure)
Press: ? - help, Shift-Dir - straight line
* * * LOW HITPOINT WARNING * * *
You feel very sick.
You hear some strange, mumbled words.
A magic dart appears from out of thin air!
The magic dart hits you.
You die...

* ################### , ,
.......#..........
.......#.......... * *
######+ #.....#######'..##
.......##.....#...........
,
#.......#@....'.....≈≈≈≈.≈
#......){.....#.....≈.....
###)..###+#####.....≈.####
#.. #..........##.≈..... ,
#. ,#..........+..≈.#._. ,
#, #..........#..≈.#... ,
,, , #..........#..≈.####
..#####..........##.≈.....
*
#..........#+######.≈≈≈≈≈≈


There were no monsters in sight!

Vanquished Creatures
  A black bear (D:4)
  Robin (D:3)
  10 gnolls
  2 adders (D:2)
  A worm (D:2)
  A dart slug (D:2)
  5 orcs
  4 bats
  7 endoplasms
  14 goblins
  10 hobgoblins
  A quokka (D:2)
  4 ball pythons
  3 frilled lizards
  8 kobolds
  6 rats
78 creatures vanquished.

Notes
Turn   | Place    | Note
-------+----------+-------------------------------------------
     0 | D:1      | KyoPewz the Meteoran Earth Elementalist began the quest for
                  | the Orb.
     0 | D:1      | Reached XP level 1. HP: 14/14 MP: 5/5
     5 | D:1      | Found a faded altar of an unknown god.
    54 | D:1      | Reached XP level 2. HP: 22/22 MP: 3/6
    57 | D:1      | Learned a level 2 spell: Passwall
   103 | D:1      | Reached skill level 1 in Fighting
   117 | D:1      | Reached skill level 4 in Earth Magic
   180 | D:1      | Reached XP level 3. HP: 28/28 MP: 1/8
   278 | D:1      | Learned a level 3 spell: Stone Arrow
   397 | D:2      | Reached skill level 1 in Conjurations
   397 | D:2      | Reached XP level 4. HP: 31/36 MP: 2/9
   916 | D:3      | Reached XP level 5. HP: 25/42 MP: 2/10
  1214 | D:3      | Reached skill level 5 in Earth Magic
  1294 | D:3      | Noticed Robin
  1340 | D:3      | Killed Robin
  1341 | D:3      | Reached XP level 6. HP: 16/51 MP: 6/11
  1449 | D:3      | You fall into a shaft and drop 1 floor!
  1460 | D:4      | Found a burning altar of Makhleb.
  1500 | D:4      | Noticed a black bear
  1507 | D:4      | Killed a black bear
  1841 | D:4      | Killed from afar by an orc wizard

Illustrated notes

Levels and vault maps discovered:
D:1:      saegor_arrival_simple_b, layout_rooms,
          hellmonk_ecumenical_altar_heavens_door, minmay_tetromino_s2
D:2:      layout_basic
D:3:      minmay_general_purpose_star, layout_basic, uniq_robin
D:4:      layout_gridville, mainiacjoe_overflow_brackets,
          yredelemnul_forgotten_temple_becter, minmay_temple_entry_glass

Skill      XL: |  1  2  3  4  5  6 |
---------------+-------------------+-----
Fighting       | 1 2 3 |  3.7
Spellcasting   | 3 |  3.0
Earth Magic    | 4 5 |  5.7
Conjurations   | 1 2 3 |  3.6
Dodging        | |  2.4
Stealth        | |  1.4
Transmutations | |  1.2

Action                   |  1- 3 |  4- 6 || total
-------------------------+-------+-------++-------
Melee: Spear             |       |    59 ||    59
       Morningstar       |       |     5 ||     5
       Punch             |       |     1 ||     1
Throw: Throwing net      |       |     1 ||     1
 Cast: Sandblast         |    39 |    47 ||    86
       Passwall          |       |     8 ||     8
       Stone Arrow       |       |    20 ||    20
  Use: Potion            |       |     1 ||     1
       Scroll            |       |    11 ||    11
Armor: Robe              |     2 |    19 ||    21
Dodge: Dodged            |     5 |    47 ||    52

Table legend: (Time is in decaauts)
 A = Elapsed time spent in this place.
 B = Non-inter-level travel time spent in this place.
 C = Inter-level travel time spent in this place.
 D = Time resting spent in this place.
 E = Time spent auto-exploring this place.
 F = Levels seen in this place.
 G = Mean time per level.
                   A        B        C        D        E       F      G
               +--------+--------+--------+--------+--------+-----+--------+
         Total |   1848 |   1747 |    101 |      0 |    138 |   4 |  462.0 |
       Dungeon |   1848 |   1747 |    101 |      0 |    138 |   4 |  462.0 |
               +--------+--------+--------+--------+--------+-----+--------+

Top non-repeatable levels by time:
     D:3: 619 daAuts
     D:2: 476 daAuts
     D:1: 393 daAuts
     D:4: 358 daAuts
